Icehogs vs Admirals
(R1)
Created - October 28, 2024 at 19:34
Goals
|
Icehogs |
0 |
2 |
1 |
3 |
Admirals |
1 |
0 |
1 |
2 |
|
Shots
|
Icehogs |
7 |
20 |
8 |
35 |
Admirals |
11 |
13 |
12 |
36 |
|
1st period
1. Admirals , Pavol Regenda 1 (Carl Dahlstrom 1, Kasper Bjorkqvist 3) at 18:42
Penalties :
Mark McNeill (Mil) for Hooking (Minor) at 4:40, Nikita Scherbak (Roc) for Delaying the game (Minor) at 11:11
2nd period
2. Icehogs , JJ. Piccinich 1 (Maxim Letunov 1, Jeremy Davies 2) at 1:56
3. Icehogs , Maxim Letunov 1 (Calle Andersson 4, Jeremy Davies 3) at 9:03
Penalties :
Lucas Wallmark (Mil) for Hooking (Minor) at 2:09, Henry Thrun (Mil) for Tripping (Minor) at 18:39
3rd period
4. Admirals , Olli Juolevi 3 (Kasper Bjorkqvist 4) at 2:38
5. Icehogs , Nikita Scherbak 1 (Zach Whitecloud 2, Andrew Poturalski 4) at 12:52
Penalties :
Drew O'Connor (Mil) for Roughing (Double Minor) at 7:35, Ross Johnston (Roc) for Holding (Minor) at 13:38, Mark Kastelic (Mil) for Tripping (Minor) at 16:49
Goalie Stats
Oscar Dansk (Roc), 34 saves from 36 shots - (0.944), W, 1-0-0, 60:00 minutes
Tristan Jarry (Mil), 32 saves from 35 shots - (0.914), L, 0-4-0, 59:08 minutes
Players Stats for Icehogs
Player Name G A P +/- PIM S H SB GA TA FO MP PP MP PK MP
------------------------------------------------------------------------------------
Andrew Poturalski 0 1 1 1 0 3 3 0 0 0 4/11 17:06 5:21 0:35
Calle Andersson 0 1 1 0 0 2 0 1 0 0 0/0 22:08 4:42 1:28
Clark Bishop 0 0 0 -1 0 2 0 0 0 0 1/1 8:58 1:05 0:38
Declan Chisholm 0 0 0 1 0 1 0 2 0 0 0/0 10:28 0:00 0:00
Dillon Dube 0 0 0 0 0 1 0 0 0 0 25/41 22:24 5:29 2:14
Gabriel Fortier 0 0 0 -1 0 0 1 0 0 0 0/0 6:53 0:00 0:00
Hudson Fasching 0 0 0 0 0 4 1 0 0 0 1/3 20:07 5:29 0:00
Jeremy Davies 0 2 2 0 0 0 0 0 1 3 0/0 22:08 4:42 1:28
JJ. Piccinich 1 0 1 1 0 3 0 0 0 0 0/0 11:47 1:05 0:00
Julius Honka 0 0 0 0 0 1 0 3 0 0 0/0 27:24 7:13 2:30
Maxim Letunov 1 1 2 1 0 2 1 0 0 0 1/2 11:07 0:00 0:00
Mikhail Grigorenko 0 0 0 1 0 5 1 2 1 1 0/1 20:08 5:43 2:11
Mitchell Chaffee 0 0 0 -1 0 2 0 0 0 1 0/0 6:53 0:00 0:00
Nikita Scherbak 1 0 1 1 2 4 3 0 0 1 1/2 17:04 5:21 0:31
Patrick Sieloff 0 0 0 0 0 2 3 1 0 0 0/0 27:24 7:13 2:30
Ross Johnston 0 0 0 1 2 0 2 0 0 0 0/0 12:07 0:47 0:00
Trevor Zegras 0 0 0 0 0 3 0 1 0 1 0/0 21:26 5:25 1:47
Zach Whitecloud 0 1 1 1 0 0 0 0 0 0 0/0 10:28 0:00 0:00
Players Stats for Admirals
Player Name G A P +/- PIM S H SB GA TA FO MP PP MP PK MP
------------------------------------------------------------------------------------
Carl Dahlstrom 0 1 1 0 0 1 2 0 3 0 0/0 20:42 1:53 5:20
Drew O'Connor 0 0 0 0 4 2 2 1 0 1 1/1 15:24 2:24 0:32
Gerald Mayhew 0 0 0 0 0 1 0 0 0 0 0/0 6:59 0:00 0:00
Grant Hutton 0 0 0 0 0 0 0 0 0 0 0/0 8:46 0:00 0:00
Henry Thrun 0 0 0 -1 2 0 0 0 0 0 0/0 3:46 0:00 0:00
Hunter Shinkaruk 0 0 0 -2 0 6 1 0 0 0 2/3 21:09 1:34 4:40
Ian Mitchell 0 0 0 0 0 1 1 1 0 0 0/0 20:42 1:53 5:20
Josh Norris 0 0 0 0 0 0 2 0 2 0 6/12 15:53 2:24 1:00
Kasper Bjorkqvist 0 2 2 1 0 0 3 0 0 0 0/0 13:44 0:00 2:50
Lucas Wallmark 0 0 0 -2 2 7 2 1 0 0 9/30 16:07 1:34 0:00
Mark Kastelic 0 0 0 1 2 0 1 0 0 0 2/4 10:31 0:00 0:00
Mark McNeill 0 0 0 0 2 3 2 0 1 0 1/1 19:54 2:24 4:35
Mathieu Joseph 0 0 0 -2 0 5 2 1 0 0 6/9 21:51 1:34 6:32
Milos Kelemen 0 0 0 0 0 0 0 0 0 0 1/1 8:50 0:00 2:38
Olli Juolevi 1 0 1 0 0 3 3 1 1 1 0/0 26:56 2:05 6:35
Pavol Regenda 1 0 1 1 0 3 1 0 0 0 0/0 11:00 0:00 0:35
Reilly Walsh 0 0 0 0 0 1 1 1 0 0 0/0 26:56 2:05 6:35
Ruslan Iskhakov 0 0 0 0 0 2 0 0 0 0 0/0 6:28 0:00 0:28
Sean Durzi 0 0 0 0 0 1 0 2 0 0 0/0 8:46 0:00 0:00
Sergei Zborovskiy 0 0 0 -1 0 0 0 0 0 0 0/0 3:36 0:00 0:00
3 Stars
1 - Maxim Letunov (Roc)
2 - Oscar Dansk (Roc)
3 - Kasper Bjorkqvist (Mil)
Power Play
Icehogs - 0 on 6 Attempt(s) - 0.00%
Admirals - 0 on 2 Attempt(s) - 0.00%
Penalty Kill
Icehogs - 2 on 2 Attempt(s) - 100.00%
- Score 0 goal in Penalty Kill
Admirals - 6 on 6 Attempt(s) - 100.00%
- Score 0 goal in Penalty Kill
Team Stat
Icehogs - Hits : 15 - Faceoff Wins : 33 - Blocked Shots : 10 - Penalty Minutes : 4
Admirals - Hits : 23 - Faceoff Wins : 28 - Blocked Shots : 8 - Penalty Minutes : 12
Official
Referees : Dean Morton and Peter MacDougall
Linesman : Mark Shewchyk and Kyle Flemington
Game Notes
No Game Note
Finance
Level 1 -- Attendance: 1703 (85.15%) -- Ticket Income $119,210
Level 2 -- Attendance: 951 (95.10%) -- Ticket Income $38,040
Total Attendance: 2654 (88.47%)
Total Ticket Income: $157,250
Other Income: $7,862
Total Income: $165,112
Icehogs
5 vs 5 Forward
Center Left Wing Right Wing Time % Phy DF OF
1 Dillon Dube Trevor Zegras Hudson Fasching 40 1 2 2
2 Andrew Poturalski Mikhail Grigorenko Nikita Scherbak 30 1 2 2
3 Maxim Letunov Ross Johnston JJ. Piccinich 20 1 2 2
4 Clark Bishop Gabriel Fortier Mitchell Chaffee 10 1 2 2
5 vs 5 Defense
Defense Defense Time % Phy DF OF
1 Patrick Sieloff Julius Honka 40 1 2 2
2 Jeremy Davies Calle Andersson 30 1 2 2
3 Zach Whitecloud Declan Chisholm 20 1 2 2
4 Patrick Sieloff Julius Honka 10 1 2 2
PowerPlay Forward
Center Left Wing Right Wing Time % Phy DF OF
1 Dillon Dube Mikhail Grigorenko Hudson Fasching 60 1 2 2
2 Andrew Poturalski Trevor Zegras Nikita Scherbak 40 1 2 2
PowerPlay Defense
Defense Defense Time % Phy DF OF
1 Patrick Sieloff Julius Honka 60 1 2 2
2 Jeremy Davies Calle Andersson 40 1 2 2
Penalty Kill 4 Players Forward
Center Wing Time % Phy DF OF
1 Dillon Dube Mikhail Grigorenko 60 1 2 2
2 Andrew Poturalski Trevor Zegras 40 1 2 2
Penalty Kill 4 Players Defense
Defense Defense Time % Phy DF OF
1 Patrick Sieloff Julius Honka 60 1 2 2
2 Jeremy Davies Calle Andersson 40 1 2 2
Penalty Kill - 3 Players Forward
Forward Time % Phy DF OF
1 Dillon Dube 60 1 2 2
2 Andrew Poturalski 40 1 2 2
Penalty Kill - 3 Players Defense
Defense Defense Time % Phy DF OF
1 Patrick Sieloff Julius Honka 60 1 2 2
2 Jeremy Davies Calle Andersson 40 1 2 2
4 vs 4 Forward
Center Wing Time % Phy DF OF
1 Dillon Dube Mikhail Grigorenko 60 1 2 2
2 Andrew Poturalski Trevor Zegras 40 1 2 2
4 vs 4 Defense
Defense Defense Time % Phy DF OF
1 Patrick Sieloff Julius Honka 60 1 2 2
2 Jeremy Davies Calle Andersson 40 1 2 2
Last Minutes Offensive
Center Left Wing Right Wing Defense Defense
Dillon Dube Mikhail Grigorenko Hudson Fasching Patrick Sieloff Julius Honka
Last Minutes Defensive
Center Left Wing Right Wing Defense Defense
Dillon Dube Mikhail Grigorenko Hudson Fasching Patrick Sieloff Julius Honka
Goaltenders
Starting : Oscar Dansk
Backup : Mackenzie Blackwood
Extra Forwards
Normal : Nikita Scherbak, Trevor Zegras, Maxim Letunov - PP : Nikita Scherbak, Trevor Zegras - PK : Nikita Scherbak
Extra Defensemen
Normal : Calle Andersson, Zach Whitecloud, Declan Chisholm - PP : Calle Andersson - PK : Calle Andersson, Zach Whitecloud
Penalty Shots
Mikhail Grigorenko, Hudson Fasching, Dillon Dube, Andrew Poturalski, Nikita Scherbak
Custom OT Lines Forwards
Mikhail Grigorenko, Hudson Fasching, Dillon Dube, Andrew Poturalski, Nikita Scherbak, Trevor Zegras, Maxim Letunov, Ross Johnston, Clark Bishop, JJ. Piccinich
Custom OT Lines Defensemen
Patrick Sieloff, Julius Honka, Jeremy Davies, Calle Andersson, Zach Whitecloud
Scratches
Kristian Reichel (Healthy), Jackson Cates (Healthy), Antoine Morand (Healthy), Egor Afanasyev (Healthy), Petr Kvaca (Healthy)
Admirals
5 vs 5 Forward
Center Left Wing Right Wing Time % Phy DF OF
1 Lucas Wallmark Hunter Shinkaruk Mathieu Joseph 40 1 2 2
2 Josh Norris Drew O'Connor Mark McNeill 30 1 2 2
3 Mark Kastelic Pavol Regenda Kasper Bjorkqvist 20 1 2 2
4 Ruslan Iskhakov Milos Kelemen Gerald Mayhew 10 1 2 2
5 vs 5 Defense
Defense Defense Time % Phy DF OF
1 Olli Juolevi Reilly Walsh 40 1 2 2
2 Carl Dahlstrom Ian Mitchell 30 1 2 2
3 Sean Durzi Grant Hutton 20 1 2 2
4 Sergei Zborovskiy Henry Thrun 10 1 2 2
PowerPlay Forward
Center Left Wing Right Wing Time % Phy DF OF
1 Lucas Wallmark Hunter Shinkaruk Mathieu Joseph 60 1 2 2
2 Josh Norris Drew O'Connor Mark McNeill 40 1 2 2
PowerPlay Defense
Defense Defense Time % Phy DF OF
1 Olli Juolevi Reilly Walsh 60 1 2 2
2 Carl Dahlstrom Ian Mitchell 40 1 2 2
Penalty Kill 4 Players Forward
Center Wing Time % Phy DF OF
1 Mathieu Joseph Mark McNeill 60 1 2 2
2 Hunter Shinkaruk Kasper Bjorkqvist 40 1 2 2
Penalty Kill 4 Players Defense
Defense Defense Time % Phy DF OF
1 Olli Juolevi Reilly Walsh 60 1 2 2
2 Carl Dahlstrom Ian Mitchell 40 1 2 2
Penalty Kill - 3 Players Forward
Forward Time % Phy DF OF
1 Mathieu Joseph 60 1 2 2
2 Mark McNeill 40 1 2 2
Penalty Kill - 3 Players Defense
Defense Defense Time % Phy DF OF
1 Olli Juolevi Reilly Walsh 60 1 2 2
2 Carl Dahlstrom Ian Mitchell 40 1 2 2
4 vs 4 Forward
Center Wing Time % Phy DF OF
1 Mathieu Joseph Mark McNeill 60 1 2 2
2 Hunter Shinkaruk Kasper Bjorkqvist 40 1 2 2
4 vs 4 Defense
Defense Defense Time % Phy DF OF
1 Olli Juolevi Reilly Walsh 60 1 2 2
2 Carl Dahlstrom Ian Mitchell 40 1 2 2
Last Minutes Offensive
Center Left Wing Right Wing Defense Defense
Lucas Wallmark Hunter Shinkaruk Mathieu Joseph Olli Juolevi Reilly Walsh
Last Minutes Defensive
Center Left Wing Right Wing Defense Defense
Lucas Wallmark Hunter Shinkaruk Mathieu Joseph Olli Juolevi Reilly Walsh
Goaltenders
Starting : Tristan Jarry
Backup : Felix Sanstrom
Extra Forwards
Normal : Gerald Mayhew, Pavol Regenda, Milos Kelemen - PP : Gerald Mayhew, Pavol Regenda - PK : Milos Kelemen
Extra Defensemen
Normal : Sean Durzi, Grant Hutton, Sergei Zborovskiy - PP : Sean Durzi - PK : Grant Hutton, Sergei Zborovskiy
Penalty Shots
Mathieu Joseph, Mark McNeill, Hunter Shinkaruk, Kasper Bjorkqvist, Lucas Wallmark
Custom OT Lines Forwards
Mathieu Joseph, Mark McNeill, Hunter Shinkaruk, Kasper Bjorkqvist, Lucas Wallmark, Gerald Mayhew, Josh Norris, Drew O'Connor, Pavol Regenda, Milos Kelemen
Custom OT Lines Defensemen
Olli Juolevi, Reilly Walsh, Carl Dahlstrom, Ian Mitchell, Sean Durzi
Scratches
Bokondji Imama (Healthy), Christian Djoos (Healthy), Joni Ikonen (Healthy), Filip Chlapik (Healthy), Josh Wesley (Healthy)
Nolan Vesey (Healthy), Riley Barber (Healthy), Ryan Olsen (Healthy), Troy Bourke (Healthy), Carsen Twarynski (Healthy)
Libor Hajek (Healthy), Tobias Bjornfot (Strained Left Elbow Injury), Patrick Moynihan (Healthy), Jack Malone (Healthy)
% Time on Ice - Icehogs
Lines # - Real PCT - Wanted PCT - Time Play
Normal Forward
1 - 36% - 40% - 15:24
2 - 26% - 30% - 11:10
3 - 22% - 20% - 9:38
4 - 16% - 10% - 6:53
Normal Defense
1 - 39% - 40% - 16:44
2 - 35% - 30% - 14:56
3 - 24% - 20% - 10:28
4 - 2% - 10% - 0:57
PP Forward
1 - 55% - 60% - 6:34
2 - 45% - 40% - 5:21
PP Defense
1 - 61% - 60% - 7:13
2 - 39% - 40% - 4:42
PK Forward
1 - 85% - 60% - 3:23
2 - 15% - 40% - 0:35
PK Defense
1 - 63% - 60% - 2:30
2 - 37% - 40% - 1:28
PK3 Forward
1 - 0% - 60%
2 - 0% - 40%
PK3 Defense
1 - 0% - 60%
2 - 0% - 40%
44 Forward
1 - 0% - 60%
2 - 0% - 40%
44 Defense
1 - 0% - 60%
2 - 0% - 40%
Last Minute Offensive - 0:00
Last Minute Defensive - 1:02
Total
Forward - 60:00
Defense - 60:00
|
% Time on Ice - Admirals
Lines # - Real PCT - Wanted PCT - Time Play
Normal Forward
1 - 32% - 40% - 13:50
2 - 30% - 30% - 12:58
3 - 24% - 20% - 10:20
4 - 14% - 10% - 6:00
Normal Defense
1 - 40% - 40% - 17:17
2 - 31% - 30% - 13:29
3 - 20% - 20% - 8:46
4 - 8% - 10% - 3:36
PP Forward
1 - 39% - 60% - 1:34
2 - 61% - 40% - 2:24
PP Defense
1 - 53% - 60% - 2:05
2 - 47% - 40% - 1:53
PK Forward
1 - 76% - 60% - 9:05
2 - 24% - 40% - 2:50
PK Defense
1 - 55% - 60% - 6:35
2 - 45% - 40% - 5:20
PK3 Forward
1 - 0% - 60%
2 - 0% - 40%
PK3 Defense
1 - 0% - 60%
2 - 0% - 40%
44 Forward
1 - 0% - 60%
2 - 0% - 40%
44 Defense
1 - 0% - 60%
2 - 0% - 40%
Last Minute Offensive - 0:59
Last Minute Defensive - 0:00
Total
Forward - 60:00
Defense - 60:00
|
Play-by-Play
1st period
0:01 of 1st period - Dillon Dube wins face-off versus Lucas Wallmark in neutral zone.
0:49 of 1st period - Slapshot by Olli Juolevi.
0:49 of 1st period - Stopped by Oscar Dansk with a rebound.
0:55 of 1st period - Reilly Walsh is hit by Ross Johnston and loses puck.
1:53 of 1st period - Snap shot by Andrew Poturalski.
1:53 of 1st period - Stopped by Tristan Jarry with a rebound.
1:55 of 1st period - Snap shot by Andrew Poturalski.
1:55 of 1st period - Shot Blocked by Drew O'Connor.
1:57 of 1st period - Snap shot by Nikita Scherbak.
1:57 of 1st period - Stopped by Tristan Jarry with a rebound.
1:59 of 1st period - Snap shot by Andrew Poturalski.
1:59 of 1st period - Stopped by Tristan Jarry with a rebound.
2:31 of 1st period - Sean Durzi is hit by Gabriel Fortier and loses puck.
2:42 of 1st period - Snap shot by Mitchell Chaffee.
2:42 of 1st period - Stopped by Tristan Jarry without a rebound.
2:43 of 1st period - Dillon Dube wins face-off versus Lucas Wallmark in Admirals zone.
2:44 of 1st period - Slapshot by Trevor Zegras.
2:44 of 1st period - Stopped by Tristan Jarry with a rebound.
2:54 of 1st period - Slapshot by Hudson Fasching.
2:54 of 1st period - Shot Misses the Net.
3:58 of 1st period - Slapshot by Ruslan Iskhakov.
3:58 of 1st period - Stopped by Oscar Dansk with a rebound.
4:14 of 1st period - Icing by Declan Chisholm.
4:15 of 1st period - Hudson Fasching wins face-off versus Lucas Wallmark in Icehogs zone.
4:15 of 1st period - Hudson Fasching is hit by Hunter Shinkaruk.
4:37 of 1st period - Slapshot by Hudson Fasching.
4:37 of 1st period - Stopped by Tristan Jarry without a rebound.
4:38 of 1st period - Mark McNeill wins face-off versus Andrew Poturalski in Admirals zone.
4:40 of 1st period - Minor Penalty to Mark McNeill for Hooking.
4:41 of 1st period - Mathieu Joseph wins face-off versus Dillon Dube in Admirals zone.
4:53 of 1st period - Wrist shot by Mathieu Joseph.
4:53 of 1st period - Stopped by Oscar Dansk with a rebound.
6:17 of 1st period - Mathieu Joseph is hit by Nikita Scherbak and loses puck.
6:40 of 1st period - Penalty to Mark McNeill is over, Mark McNeill is back on ice.
6:46 of 1st period - Snap shot by Gabriel Fortier.
6:46 of 1st period - Shot Misses the Net.
6:48 of 1st period - Snap shot by Mitchell Chaffee.
6:48 of 1st period - Shot Misses the Net.
6:50 of 1st period - Snap shot by Clark Bishop.
6:50 of 1st period - Shot Misses the Net.
8:29 of 1st period - Off-side.
8:30 of 1st period - Dillon Dube wins face-off versus Lucas Wallmark in neutral zone.
8:56 of 1st period - Slapshot by Hunter Shinkaruk.
8:56 of 1st period - Stopped by Oscar Dansk with a rebound.
10:08 of 1st period - Slapshot by Josh Norris.
10:08 of 1st period - Shot Blocked by Mikhail Grigorenko.
10:24 of 1st period - Slapshot by Sean Durzi.
10:24 of 1st period - Stopped by Oscar Dansk with a rebound.
10:27 of 1st period - Icing by Hudson Fasching.
10:28 of 1st period - Lucas Wallmark wins face-off versus Dillon Dube in Icehogs zone.
10:29 of 1st period - Wrist shot by Hunter Shinkaruk.
10:29 of 1st period - Stopped by Oscar Dansk without a rebound.
10:30 of 1st period - Dillon Dube wins face-off versus Lucas Wallmark in Icehogs zone.
10:39 of 1st period - Wrist shot by Dillon Dube.
10:39 of 1st period - Shot Misses the Net.
10:41 of 1st period - Snap shot by Dillon Dube.
10:41 of 1st period - Stopped by Tristan Jarry with a rebound.
10:43 of 1st period - Wrist shot by Trevor Zegras.
10:43 of 1st period - Shot Misses the Net.
10:45 of 1st period - Wrist shot by Jeremy Davies.
10:45 of 1st period - Shot Blocked by Sean Durzi.
11:11 of 1st period - Minor Penalty to Nikita Scherbak for Delaying the game.
11:12 of 1st period - Dillon Dube wins face-off versus Lucas Wallmark in Icehogs zone.
13:11 of 1st period - Penalty to Nikita Scherbak is over, Nikita Scherbak is back on ice.
14:59 of 1st period - Hudson Fasching is hit by Carl Dahlstrom and loses puck.
15:24 of 1st period - Snap shot by Andrew Poturalski.
15:24 of 1st period - Shot Misses the Net.
16:18 of 1st period - Trevor Zegras is hit by Mathieu Joseph and loses puck.
17:06 of 1st period - Snap shot by Mark McNeill.
17:06 of 1st period - Stopped by Oscar Dansk without a rebound.
17:07 of 1st period - Andrew Poturalski wins face-off versus Josh Norris in Icehogs zone.
17:07 of 1st period - Andrew Poturalski is hit by Olli Juolevi.
17:15 of 1st period - Patrick Sieloff is hit by Josh Norris.
18:27 of 1st period - Clark Bishop is hit by Mark Kastelic and loses puck.
18:40 of 1st period - Snap shot by Pavol Regenda.
18:40 of 1st period - Stopped by Oscar Dansk with a rebound.
18:42 of 1st period - Slapshot by Carl Dahlstrom.
18:42 of 1st period - Deflect By Pavol Regenda.
18:42 of 1st period - Goal by Pavol Regenda - Icehogs : 0 - Admirals : 1.
18:43 of 1st period - Lucas Wallmark wins face-off versus Dillon Dube in neutral zone.
18:46 of 1st period - Wrist shot by Hunter Shinkaruk.
18:46 of 1st period - Stopped by Oscar Dansk with a rebound.
18:48 of 1st period - Slapshot by Reilly Walsh.
18:48 of 1st period - Shot Misses the Net.
18:50 of 1st period - Snap shot by Lucas Wallmark.
18:50 of 1st period - Stopped by Oscar Dansk with a rebound.
18:52 of 1st period - Snap shot by Hunter Shinkaruk.
18:52 of 1st period - Shot Misses the Net.
19:08 of 1st period - Olli Juolevi is hit by Nikita Scherbak and loses puck.
19:24 of 1st period - Nikita Scherbak is hit by Josh Norris and loses puck.
19:39 of 1st period - Wrist shot by Maxim Letunov.
19:39 of 1st period - Shot Blocked by Sean Durzi.
Goals for this period are 0 for Icehogs vs 1 for Admirals.
Shots for this period are 7 for Icehogs vs 11 for Admirals.
2nd period
0:01 of 2nd period - Dillon Dube wins face-off versus Lucas Wallmark in neutral zone.
0:32 of 2nd period - Snap shot by Drew O'Connor.
0:32 of 2nd period - Shot Misses the Net.
0:46 of 2nd period - Slapshot by Patrick Sieloff.
0:46 of 2nd period - Deflect By Maxim Letunov.
0:46 of 2nd period - Stopped by Tristan Jarry without a rebound.
0:47 of 2nd period - Mark Kastelic wins face-off versus Maxim Letunov in Admirals zone.
1:21 of 2nd period - Pavol Regenda is hit by Ross Johnston and loses puck.
1:26 of 2nd period - Wrist shot by Maxim Letunov.
1:26 of 2nd period - Shot Misses the Net.
1:30 of 2nd period - Wrist shot by Maxim Letunov.
1:30 of 2nd period - Shot Misses the Net.
1:50 of 2nd period - Wrist shot by JJ. Piccinich.
1:50 of 2nd period - Stopped by Tristan Jarry with a rebound.
1:52 of 2nd period - Wrist shot by Ross Johnston.
1:52 of 2nd period - Shot Blocked by Ian Mitchell.
1:56 of 2nd period - Wrist shot by Maxim Letunov.
1:56 of 2nd period - Deflect By JJ. Piccinich.
1:56 of 2nd period - Goal by JJ. Piccinich - Icehogs : 1 - Admirals : 1.
1:57 of 2nd period - Dillon Dube wins face-off versus Lucas Wallmark in neutral zone.
2:00 of 2nd period - Snap shot by Hudson Fasching.
2:00 of 2nd period - Shot Blocked by Reilly Walsh.
2:02 of 2nd period - Snap shot by Hudson Fasching.
2:02 of 2nd period - Shot Blocked by Lucas Wallmark.
2:04 of 2nd period - Snap shot by Trevor Zegras.
2:04 of 2nd period - Deflect By Hudson Fasching.
2:04 of 2nd period - Stopped by Tristan Jarry without a rebound.
2:05 of 2nd period - Dillon Dube wins face-off versus Lucas Wallmark in Admirals zone.
2:09 of 2nd period - Minor Penalty to Lucas Wallmark for Hooking.
2:10 of 2nd period - Dillon Dube wins face-off versus Mathieu Joseph in Admirals zone.
2:10 of 2nd period - Slapshot by Hudson Fasching.
2:10 of 2nd period - Stopped by Tristan Jarry without a rebound.
2:11 of 2nd period - Mathieu Joseph wins face-off versus Dillon Dube in Admirals zone.
2:40 of 2nd period - Slapshot by Trevor Zegras.
2:40 of 2nd period - Stopped by Tristan Jarry without a rebound.
2:41 of 2nd period - Mathieu Joseph wins face-off versus Andrew Poturalski in Admirals zone.
3:34 of 2nd period - Olli Juolevi is hit by Patrick Sieloff and loses puck.
3:59 of 2nd period - Wrist shot by Nikita Scherbak.
3:59 of 2nd period - Stopped by Tristan Jarry without a rebound.
4:00 of 2nd period - Hunter Shinkaruk wins face-off versus Dillon Dube in Admirals zone.
4:09 of 2nd period - Penalty to Lucas Wallmark is over, Lucas Wallmark is back on ice.
4:27 of 2nd period - Ian Mitchell is hit by Maxim Letunov and loses puck.
4:55 of 2nd period - Wrist shot by Gabriel Fortier.
4:55 of 2nd period - Shot Misses the Net.
5:23 of 2nd period - Backhand shot by Drew O'Connor.
5:23 of 2nd period - Shot Blocked by Declan Chisholm.
6:12 of 2nd period - Off-side.
6:13 of 2nd period - Maxim Letunov wins face-off versus Mark Kastelic in neutral zone.
6:26 of 2nd period - Snap shot by Julius Honka.
6:26 of 2nd period - Shot Blocked by Olli Juolevi.
6:37 of 2nd period - Patrick Sieloff is hit by Olli Juolevi and loses puck.
6:48 of 2nd period - Snap shot by Pavol Regenda.
6:48 of 2nd period - Stopped by Oscar Dansk with a rebound.
6:54 of 2nd period - Snap shot by Patrick Sieloff.
6:54 of 2nd period - Shot Misses the Net.
6:56 of 2nd period - Slapshot by Julius Honka.
6:56 of 2nd period - Stopped by Tristan Jarry with a rebound.
6:58 of 2nd period - Snap shot by JJ. Piccinich.
6:58 of 2nd period - Stopped by Tristan Jarry without a rebound.
6:59 of 2nd period - Dillon Dube wins face-off versus Hunter Shinkaruk in Admirals zone.
7:00 of 2nd period - Snap shot by Hudson Fasching.
7:00 of 2nd period - Stopped by Tristan Jarry with a rebound.
7:18 of 2nd period - Icing by Lucas Wallmark.
7:19 of 2nd period - Nikita Scherbak wins face-off versus Lucas Wallmark in Admirals zone.
7:46 of 2nd period - Wrist shot by Olli Juolevi.
7:46 of 2nd period - Shot Misses the Net.
7:48 of 2nd period - Slapshot by Reilly Walsh.
7:48 of 2nd period - Shot Misses the Net.
7:50 of 2nd period - Snap shot by Olli Juolevi.
7:50 of 2nd period - Shot Blocked by Julius Honka.
7:52 of 2nd period - Snap shot by Mathieu Joseph.
7:52 of 2nd period - Shot Misses the Net.
7:54 of 2nd period - Wrist shot by Hunter Shinkaruk.
7:54 of 2nd period - Shot Blocked by Julius Honka.
7:56 of 2nd period - Slapshot by Olli Juolevi.
7:56 of 2nd period - Stopped by Oscar Dansk with a rebound.
7:58 of 2nd period - Wrist shot by Mathieu Joseph.
7:58 of 2nd period - Stopped by Oscar Dansk without a rebound.
7:59 of 2nd period - Josh Norris wins face-off versus Andrew Poturalski in Icehogs zone.
8:02 of 2nd period - Snap shot by Drew O'Connor.
8:02 of 2nd period - Stopped by Oscar Dansk without a rebound.
8:03 of 2nd period - Josh Norris wins face-off versus Andrew Poturalski in Icehogs zone.
8:44 of 2nd period - Calle Andersson is hit by Kasper Bjorkqvist and loses puck.
9:01 of 2nd period - Slapshot by Calle Andersson.
9:01 of 2nd period - Stopped by Tristan Jarry with a rebound.
9:03 of 2nd period - Snap shot by Maxim Letunov.
9:03 of 2nd period - Goal by Maxim Letunov - Icehogs : 2 - Admirals : 1.
9:04 of 2nd period - Lucas Wallmark wins face-off versus Dillon Dube in neutral zone.
9:42 of 2nd period - Slapshot by Mathieu Joseph.
9:42 of 2nd period - Stopped by Oscar Dansk with a rebound.
9:44 of 2nd period - Snap shot by Carl Dahlstrom.
9:44 of 2nd period - Stopped by Oscar Dansk with a rebound.
9:46 of 2nd period - Slapshot by Carl Dahlstrom.
9:46 of 2nd period - Shot Misses the Net.
9:48 of 2nd period - Slapshot by Ian Mitchell.
9:48 of 2nd period - Stopped by Oscar Dansk without a rebound.
9:49 of 2nd period - Dillon Dube wins face-off versus Josh Norris in Icehogs zone.
10:06 of 2nd period - Off-side.
10:07 of 2nd period - Mark Kastelic wins face-off versus Andrew Poturalski in neutral zone.
11:20 of 2nd period - Wrist shot by Clark Bishop.
11:20 of 2nd period - Stopped by Tristan Jarry without a rebound.
11:21 of 2nd period - Clark Bishop wins face-off versus Josh Norris in Admirals zone.
12:15 of 2nd period - Slapshot by Patrick Sieloff.
12:15 of 2nd period - Stopped by Tristan Jarry without a rebound.
12:16 of 2nd period - Dillon Dube wins face-off versus Lucas Wallmark in Admirals zone.
12:41 of 2nd period - Carl Dahlstrom is hit by Andrew Poturalski and loses puck.
13:46 of 2nd period - Snap shot by Clark Bishop.
13:46 of 2nd period - Stopped by Tristan Jarry with a rebound.
14:00 of 2nd period - Nikita Scherbak is hit by Olli Juolevi and loses puck.
14:04 of 2nd period - Icing by Andrew Poturalski.
14:05 of 2nd period - Andrew Poturalski wins face-off versus Josh Norris in Icehogs zone.
14:05 of 2nd period - Andrew Poturalski is hit by Drew O'Connor.
14:33 of 2nd period - Slapshot by Reilly Walsh.
14:33 of 2nd period - Stopped by Oscar Dansk with a rebound.
14:43 of 2nd period - Snap shot by Mikhail Grigorenko.
14:43 of 2nd period - Stopped by Tristan Jarry without a rebound.
14:44 of 2nd period - Dillon Dube wins face-off versus Lucas Wallmark in Admirals zone.
15:37 of 2nd period - Off-side.
15:38 of 2nd period - Dillon Dube wins face-off versus Lucas Wallmark in neutral zone.
15:44 of 2nd period - Off-side.
15:45 of 2nd period - Dillon Dube wins face-off versus Lucas Wallmark in neutral zone.
15:47 of 2nd period - Off-side.
15:48 of 2nd period - Lucas Wallmark wins face-off versus Dillon Dube in neutral zone.
15:51 of 2nd period - Snap shot by Lucas Wallmark.
15:51 of 2nd period - Stopped by Oscar Dansk without a rebound.
15:52 of 2nd period - Dillon Dube wins face-off versus Lucas Wallmark in Icehogs zone.
15:52 of 2nd period - Julius Honka is hit by Mathieu Joseph and loses puck.
16:03 of 2nd period - Backhand shot by Patrick Sieloff.
16:03 of 2nd period - Deflect By Hunter Shinkaruk.
16:03 of 2nd period - Stopped by Tristan Jarry with a rebound.
16:39 of 2nd period - Ian Mitchell is hit by Andrew Poturalski and loses puck.
16:46 of 2nd period - Wrist shot by Andrew Poturalski.
16:46 of 2nd period - Stopped by Tristan Jarry without a rebound.
16:47 of 2nd period - Andrew Poturalski wins face-off versus Lucas Wallmark in Admirals zone.
16:48 of 2nd period - Snap shot by Mikhail Grigorenko.
16:48 of 2nd period - Shot Misses the Net.
16:50 of 2nd period - Slapshot by Calle Andersson.
16:50 of 2nd period - Shot Misses the Net.
16:52 of 2nd period - Snap shot by Calle Andersson.
16:52 of 2nd period - Stopped by Tristan Jarry without a rebound.
16:53 of 2nd period - Lucas Wallmark wins face-off versus Andrew Poturalski in Admirals zone.
16:57 of 2nd period - Off-side.
16:58 of 2nd period - Lucas Wallmark wins face-off versus Dillon Dube in neutral zone.
17:03 of 2nd period - Slapshot by Mathieu Joseph.
17:03 of 2nd period - Stopped by Oscar Dansk with a rebound.
17:05 of 2nd period - Snap shot by Lucas Wallmark.
17:05 of 2nd period - Shot Blocked by Julius Honka.
17:07 of 2nd period - Backhand shot by Mathieu Joseph.
17:07 of 2nd period - Stopped by Oscar Dansk with a rebound.
17:09 of 2nd period - Snap shot by Hunter Shinkaruk.
17:09 of 2nd period - Stopped by Oscar Dansk with a rebound.
17:11 of 2nd period - Wrist shot by Hunter Shinkaruk.
17:11 of 2nd period - Shot Blocked by Trevor Zegras.
18:16 of 2nd period - Snap shot by Gabriel Fortier.
18:16 of 2nd period - Deflect By Mitchell Chaffee.
18:16 of 2nd period - Stopped by Tristan Jarry with a rebound.
18:31 of 2nd period - Snap shot by Gerald Mayhew.
18:31 of 2nd period - Shot Blocked by Declan Chisholm.
18:33 of 2nd period - Slapshot by Ruslan Iskhakov.
18:33 of 2nd period - Stopped by Oscar Dansk without a rebound.
18:34 of 2nd period - Dillon Dube wins face-off versus Josh Norris in Icehogs zone.
18:34 of 2nd period - Dillon Dube is hit by Mark McNeill.
18:39 of 2nd period - Minor Penalty to Henry Thrun for Tripping.
18:40 of 2nd period - Mathieu Joseph wins face-off versus Hudson Fasching in Admirals zone.
18:40 of 2nd period - Mathieu Joseph is hit by Hudson Fasching.
18:45 of 2nd period - Hudson Fasching is hit by Mark McNeill and loses puck.
19:30 of 2nd period - Slapshot by Mikhail Grigorenko.
19:30 of 2nd period - Shot Blocked by Mathieu Joseph.
Goals for this period are 2 for Icehogs vs 0 for Admirals.
Shots for this period are 20 for Icehogs vs 13 for Admirals.
3rd period
0:01 of 3rd period - Mathieu Joseph wins face-off versus Dillon Dube in neutral zone.
0:26 of 3rd period - Julius Honka is hit by Kasper Bjorkqvist and loses puck.
0:33 of 3rd period - Snap shot by Hunter Shinkaruk.
0:33 of 3rd period - Stopped by Oscar Dansk without a rebound.
0:34 of 3rd period - Dillon Dube wins face-off versus Mathieu Joseph in Icehogs zone.
0:39 of 3rd period - Penalty to Henry Thrun is over, Henry Thrun is back on ice.
0:49 of 3rd period - Wrist shot by Mikhail Grigorenko.
0:49 of 3rd period - Stopped by Tristan Jarry without a rebound.
0:50 of 3rd period - Andrew Poturalski wins face-off versus Lucas Wallmark in Admirals zone.
1:03 of 3rd period - Julius Honka is hit by Lucas Wallmark and loses puck.
1:17 of 3rd period - Off-side.
1:18 of 3rd period - Josh Norris wins face-off versus Dillon Dube in neutral zone.
1:21 of 3rd period - Jeremy Davies is hit by Ian Mitchell and loses puck.
1:31 of 3rd period - Icing by Drew O'Connor.
1:32 of 3rd period - Josh Norris wins face-off versus Hudson Fasching in Admirals zone.
1:32 of 3rd period - Josh Norris is hit by Patrick Sieloff.
1:42 of 3rd period - Wrist shot by Trevor Zegras.
1:42 of 3rd period - Stopped by Tristan Jarry without a rebound.
1:43 of 3rd period - Lucas Wallmark wins face-off versus Dillon Dube in Admirals zone.
1:58 of 3rd period - Slapshot by Hunter Shinkaruk.
1:58 of 3rd period - Shot Blocked by Patrick Sieloff.
2:08 of 3rd period - Reilly Walsh is hit by Andrew Poturalski and loses puck.
2:25 of 3rd period - Drew O'Connor is hit by Nikita Scherbak and loses puck.
2:38 of 3rd period - Slapshot by Olli Juolevi.
2:38 of 3rd period - Goal by Olli Juolevi - Icehogs : 2 - Admirals : 2.
2:39 of 3rd period - Lucas Wallmark wins face-off versus Dillon Dube in neutral zone.
3:13 of 3rd period - Snap shot by Mark McNeill.
3:13 of 3rd period - Stopped by Oscar Dansk without a rebound.
3:14 of 3rd period - Dillon Dube wins face-off versus Lucas Wallmark in Icehogs zone.
3:14 of 3rd period - Dillon Dube is hit by Lucas Wallmark.
3:49 of 3rd period - Slapshot by Mikhail Grigorenko.
3:49 of 3rd period - Stopped by Tristan Jarry without a rebound.
3:50 of 3rd period - Dillon Dube wins face-off versus Lucas Wallmark in Admirals zone.
3:57 of 3rd period - Slapshot by Hudson Fasching.
3:57 of 3rd period - Shot Misses the Net.
5:01 of 3rd period - Slapshot by Reilly Walsh.
5:01 of 3rd period - Shot Blocked by Calle Andersson.
5:22 of 3rd period - Wrist shot by Lucas Wallmark.
5:22 of 3rd period - Stopped by Oscar Dansk with a rebound.
5:24 of 3rd period - Snap shot by Hunter Shinkaruk.
5:24 of 3rd period - Stopped by Oscar Dansk with a rebound.
5:26 of 3rd period - Wrist shot by Lucas Wallmark.
5:26 of 3rd period - Stopped by Oscar Dansk with a rebound.
6:24 of 3rd period - Wrist shot by Gerald Mayhew.
6:24 of 3rd period - Stopped by Oscar Dansk without a rebound.
6:25 of 3rd period - Lucas Wallmark wins face-off versus Dillon Dube in Icehogs zone.
6:40 of 3rd period - Snap shot by Hunter Shinkaruk.
6:40 of 3rd period - Deflect By Lucas Wallmark.
6:40 of 3rd period - Shot Misses the Net.
6:40 of 3rd period - Puck is out of play.
6:41 of 3rd period - Josh Norris wins face-off versus Nikita Scherbak in Icehogs zone.
6:48 of 3rd period - Reilly Walsh is hit by Patrick Sieloff and loses puck.
6:54 of 3rd period - Off-side.
6:55 of 3rd period - Dillon Dube wins face-off versus Lucas Wallmark in neutral zone.
6:58 of 3rd period - Backhand shot by Trevor Zegras.
6:58 of 3rd period - Shot Misses the Net.
7:21 of 3rd period - Andrew Poturalski is hit by Reilly Walsh and loses puck.
7:30 of 3rd period - Wrist shot by Mikhail Grigorenko.
7:30 of 3rd period - Stopped by Tristan Jarry with a rebound.
7:35 of 3rd period - Double Minor Penalty to Drew O'Connor for Roughing.
7:36 of 3rd period - Dillon Dube wins face-off versus Mathieu Joseph in Admirals zone.
8:47 of 3rd period - Off-side.
8:48 of 3rd period - Milos Kelemen wins face-off versus Andrew Poturalski in neutral zone.
9:17 of 3rd period - Wrist shot by Trevor Zegras.
9:17 of 3rd period - Shot Misses the Net.
11:35 of 3rd period - Penalty to Drew O'Connor is over, Drew O'Connor is back on ice.
12:31 of 3rd period - Lucas Wallmark is hit by Mikhail Grigorenko and loses puck.
12:40 of 3rd period - Wrist shot by Mikhail Grigorenko.
12:40 of 3rd period - Stopped by Tristan Jarry with a rebound.
12:42 of 3rd period - Slapshot by Declan Chisholm.
12:42 of 3rd period - Stopped by Tristan Jarry with a rebound.
12:44 of 3rd period - Snap shot by Nikita Scherbak.
12:44 of 3rd period - Shot Misses the Net.
12:46 of 3rd period - Snap shot by Nikita Scherbak.
12:46 of 3rd period - Stopped by Tristan Jarry with a rebound.
12:50 of 3rd period - Snap shot by Andrew Poturalski.
12:50 of 3rd period - Shot Misses the Net.
12:52 of 3rd period - Slapshot by Zach Whitecloud.
12:52 of 3rd period - Deflect By Nikita Scherbak.
12:52 of 3rd period - Goal by Nikita Scherbak - Icehogs : 3 - Admirals : 2.
12:53 of 3rd period - Drew O'Connor wins face-off versus Dillon Dube in neutral zone.
12:56 of 3rd period - Dillon Dube is hit by Drew O'Connor and loses puck.
13:04 of 3rd period - Off-side.
13:05 of 3rd period - Mathieu Joseph wins face-off versus Dillon Dube in neutral zone.
13:37 of 3rd period - Wrist shot by Mark McNeill.
13:37 of 3rd period - Shot Misses the Net.
13:38 of 3rd period - Minor Penalty to Ross Johnston for Holding.
13:39 of 3rd period - Dillon Dube wins face-off versus Lucas Wallmark in Icehogs zone.
14:10 of 3rd period - Slapshot by Ian Mitchell.
14:10 of 3rd period - Shot Blocked by Mikhail Grigorenko.
14:12 of 3rd period - Slapshot by Mark McNeill.
14:12 of 3rd period - Stopped by Oscar Dansk without a rebound.
14:13 of 3rd period - Dillon Dube wins face-off versus Josh Norris in Icehogs zone.
15:26 of 3rd period - Julius Honka is hit by Carl Dahlstrom and loses puck.
15:38 of 3rd period - Penalty to Ross Johnston is over, Ross Johnston is back on ice.
16:18 of 3rd period - Icing by Drew O'Connor.
16:19 of 3rd period - Josh Norris wins face-off versus Dillon Dube in Admirals zone.
16:28 of 3rd period - Wrist shot by Mark McNeill.
16:28 of 3rd period - Shot Misses the Net.
16:32 of 3rd period - Wrist shot by Drew O'Connor.
16:32 of 3rd period - Stopped by Oscar Dansk without a rebound.
16:33 of 3rd period - Dillon Dube wins face-off versus Mark Kastelic in Icehogs zone.
16:33 of 3rd period - Dillon Dube is hit by Kasper Bjorkqvist.
16:38 of 3rd period - Patrick Sieloff is hit by Pavol Regenda and loses puck.
16:49 of 3rd period - Minor Penalty to Mark Kastelic for Tripping.
16:50 of 3rd period - Hunter Shinkaruk wins face-off versus Mikhail Grigorenko in Admirals zone.
18:49 of 3rd period - Penalty to Mark Kastelic is over, Mark Kastelic is back on ice.
19:08 of 3rd period - Admirals, Tristan Jarry is pulled from the net.
19:12 of 3rd period - Wrist shot by Lucas Wallmark.
19:12 of 3rd period - Deflect By Maxim Letunov.
19:12 of 3rd period - Stopped by Oscar Dansk with a rebound.
19:14 of 3rd period - Wrist shot by Reilly Walsh.
19:14 of 3rd period - Shot Misses the Net.
19:16 of 3rd period - Slapshot by Olli Juolevi.
19:16 of 3rd period - Shot Misses the Net.
19:34 of 3rd period - Snap shot by Lucas Wallmark.
19:34 of 3rd period - Stopped by Oscar Dansk with a rebound.
19:36 of 3rd period - Snap shot by Gerald Mayhew.
19:36 of 3rd period - Shot Hit the Post.
19:38 of 3rd period - Wrist shot by Hunter Shinkaruk.
19:38 of 3rd period - Deflect By Lucas Wallmark.
19:38 of 3rd period - Stopped by Oscar Dansk with a rebound.
19:48 of 3rd period - Snap shot by Lucas Wallmark.
19:48 of 3rd period - Shot Misses the Net.
Goals for this period are 1 for Icehogs vs 1 for Admirals.
Shots for this period are 8 for Icehogs vs 12 for Admirals.